 Dungeon Crawl Stone Soup version 0.14.0-26-g1682e81 (webtiles) character file.

265 Fungus the Changer (level 5, -3/33 HPs)
             Began as an Octopode Transmuter on Apr 26, 2014.
             Killed by nerve-wracking pain
             ... invoked by Grinder
              (9 damage)
             ... on Level 4 of the Dungeon.
             The game lasted 00:16:01 (5363 turns).

Fungus the Changer (Octopode Transmuter)            Turns: 5363, Time: 00:16:01

HP  -3/33        AC  1     Str 10      XL: 5   Next:  4%
MP   8/9         EV 12     Int 16      God:
Gold 145         SH  0     Dex 12      Spells:  2 memorised,  4 levels left

rFire  + . .     SeeInvis .       - Unarmed
rCold  . . .     Clarity  .     (no shield)
rNeg   . . .     Conserve .     (helmet restricted)
rPois  .         rCorr    .     (no amulet)
rElec  .         rRot     .     q - ring of protection from fire {unknown}
SustAb . .       Spirit   .     (no ring)
rMut   .         Warding  .     (no ring)
Saprov . . .     Stasis   .     (no ring)
MR     .....                    (no ring)
                                (no ring)
                                (no ring)
                                (no ring)

@: not resistant to hostile enchantments, fairly stealthy
A: almost no armour, amphibious, 8 rings, constrict 8, camouflage 1, gelatinous
body 1
a: no special abilities


You were on level 4 of the Dungeon.
You were not hungry.

You visited 1 branch of the dungeon, and saw 4 of its levels.

You collected 145 gold pieces.

Inventory:

Hand weapons
 n - a cursed -2,-2 dagger
Missiles
 b - 12 arrows
 p - 35 darts (quivered)
Comestibles
 a - 3 bread rations
 k - a chunk of rat flesh
Scrolls
 c - a scroll of amnesia {unknown}
 f - a scroll of teleportation {unknown}
 g - a scroll of fog {unknown}
 h - 5 scrolls of remove curse {unknown}
 i - 2 scrolls of identify {unknown}
 t - a scroll of recharging {unknown}
Jewellery
 j - an uncursed ring of protection from magic {unknown}
 q - a ring of protection from fire (left tentacle) {unknown}
Potions
 e - 4 potions of curing {unknown}
 m - a potion of degeneration {unknown}
 o - a potion of lignification {unknown}
Books
 d - a book of Changes

   Spells                             Type                      Level
   *Beastly Appendage                 Transmutation                1
   Sticks to Snakes                   Transmutation                2
   *Spider Form                       Transmutation/Poison         3
   Ice Form                           Ice/Transmutation            4
   Blade Hands                        Transmutation                5


   Skills:
 - Level 1.0 Fighting
 - Level 2.0 Dodging
 - Level 3.0 Unarmed Combat
 * Level 2.2 Spellcasting
 + Level 4.0 Transmutations
 - Level 3.0 Poison Magic


You had 4 spell levels left.
You knew the following spells:

 Your Spells              Type           Power        Failure   Level  Hunger
s - Spider Form           Trmt/Pois      ##........   14%         3    ####...
Z - Beastly Appendage     Trmt           ##....       4%          1    #......


Dungeon Overview and Level Annotations

Branches:
Dungeon (4/15)
 Temple: D:4-7

Altars:
Fedhas
Nemelex Xobeh
Trog

Annotations:
D:4 Grinder


Innate Abilities, Weirdness & Mutations

You cannot wear most types of armour.
You are amphibious.
You can wear up to eight rings at the same time.*
You can use your tentacles to constrict many enemies at once.*
Your skin changes colour to match your surroundings (Stlth).*
Your rubbery body absorbs attacks (AC +1).*


Message History

You hit Grinder.
Grinder is heavily wounded.
Grinder says, "I used to sell toe-nails on the black market."
Grinder gestures.
Grinder blinks!
You hit Grinder but do no damage.
Grinder is heavily wounded.
Grinder gestures at you. Pain shoots through your body!
* * * LOW HITPOINT WARNING * * *
Unknown command.
There is an open door here.
Grinder gestures.
Grinder blinks!
There is a stone staircase leading up here.
Unknown command.
Your transformation has ended.
Grinder gestures at you. Pain shoots through your body!
You die...

#.......#
#.......#
#.......#
#.......#
+..$....#
#.......#
#.......# ###
#.......###.+
#.......#..@#
#.....ยง.'5###
#.......###
#########


You could see Grinder.

Vanquished Creatures
  7 adders
  A worm (D:2)
  2 oozes
  An orc (D:3)
  A ball python (D:2)
  5 hobgoblins
  A quokka (D:2)
  7 bats
  A giant cockroach (D:3)
  2 giant geckos
  2 giant newts
  8 goblins
  6 kobolds
  9 rats
53 creatures vanquished.

Notes
Turn   | Place    | Note
--------------------------------------------------------------
     0 | D:1      | Fungus, the Octopode Transmuter, began the quest for the Orb.
     0 | D:1      | Reached XP level 1. HP: 13/13 MP: 3/3
   283 | D:1      | Found a sparkling altar of Nemelex Xobeh.
   378 | D:1      | Reached XP level 2. HP: 18/18 MP: 2/4
  1062 | D:1      | Found a sparkling altar of Nemelex Xobeh.
  1704 | D:2      | Reached XP level 3. HP: 23/23 MP: 4/6
  1724 | D:2      | Learned a level 3 spell: Spider Form
  1902 | D:2      | Reached skill level 1 in Poison Magic
  2121 | D:2      | Found a blossoming altar of Fedhas.
  2123 | D:2      | Found a bloodstained altar of Trog.
  2780 | D:2      | Found a blossoming altar of Fedhas.
  2781 | D:2      | Found a bloodstained altar of Trog.
  3140 | D:3      | Reached XP level 4. HP: 28/28 MP: 5/7
  4617 | D:3      | Reached skill level 4 in Transmutations
  4617 | D:3      | Reached XP level 5. HP: 30/33 MP: 7/9
  5096 | D:4      | Noticed Grinder
  5099 | D:4      | Paralysed by Grinder for 7 turns
  5119 | D:4      | Paralysed by Grinder for 2 turns
  5349 | D:4      | Paralysed by Grinder for 2 turns
  5363 | D:4      | Killed from afar by Grinder

Action                   |  1- 3 |  4- 6 || total
-------------------------+-------+-------++-------
Melee: Unarmed           |    90 |    42 ||   132
 Cast: Beastly Appendage |    33 |    10 ||    43
       Spider Form       |     3 |     5 ||     8
 Stab: Sleeping          |     1 |       ||     1
